 Dungeon Crawl Stone Soup version 0.25.1-3-ge44b62a0b3 (webtiles) character file.

Game seed: 1016765839215421476

610050 Erymatos the Slayer (level 26, -2/427 (435) HPs)
             Began as a Minotaur Berserker on Nov 23, 2020.
             Was a High Priest of Trog.
             Succumbed to poison (dark miasma)
             ... on level 1 of the Tomb of the Ancients on Nov 24, 2020.
             The game lasted 03:31:29 (60141 turns).

Erymatos the Slayer (Minotaur Berserker)           Turns: 60141, Time: 03:31:30

HP:   -2/427 (435)  AC: 41    Str: 34      XL:     26   Next: 73%
MP:   1/21          EV: 19    Int:  3 (4)  God:    Trog [*****.]
Gold: 6556          SH: 20    Dex: 15      Spells: 25/25 levels left

rFire    + + +     SeeInvis .   E - +11 broad axe of Wikoaloro {vorpal, +Fly rPois MR+}
rCold    + + +     Gourm    .   N - +2 kite shield {reflect}
rNeg     + + +     Faith    .   u - +9 scales of the Dragon King {rPois rF+ rC+ MR+}
rPois    +         Spirit   +   x - +2 hat of the Bear Spirit {Spirit, +Rage rN+ MR++}
rElec    .         Reflect  +   U - scarf {rC+ rF+}
rCorr    .         Harm     .   W - +2 pair of gloves {Str+3}
MR       +++++     Rnd*Rage +   n - +2 pair of boots {run}
Stlth    ..........             o - amulet "Qimes" {RegenMP rF+ rC++ rN+ Str-4}
HPRegen  0.00/turn              v - ring of positive energy
MPRegen  0.42/turn              D - +6 ring of strength

@: berserking, lethally poisoned (-2 -> -44), non-regenerating, badly diseased,
slowed, quick
A: retaliatory headbutt, beak, horns 2, berserk 2, blurry vision 1, low mp 1,
robust 1, wild magic 1, MP-powered wands
}: 3/15 runes: serpentine, barnacled, slimy
a: Berserk, Trog's Hand, Brothers in Arms, Renounce Religion, Evoke Berserk
Rage, Evoke Flight


You were on level 1 of the Tomb of the Ancients.
You worshipped Trog.
Trog was extremely pleased with you.
You were very hungry.

You visited 10 branches of the dungeon, and saw 47 of its levels.
You visited the Abyss 1 time.
You also visited: Ice Cave.

You collected 11248 gold pieces.
You spent 4692 gold pieces at shops.

Inventory:

Hand Weapons
 E - the +11 broad axe of Wikoaloro (weapon) {vorpal, +Fly rPois MR+}
   (Trog gifted it to you on level 6 of the Dungeon)

   It inflicts extra damage upon your enemies.
   It protects you from poison.
   It affects your resistance to hostile enchantments.
   It lets you fly.
Armour
 n - a +2 pair of boots of running (worn)
 u - the +9 scales of the Dragon King (worn) {rPois rF+ rC+ MR+}
   (You took it off a deep elf blademaster on level 3 of the Elven Halls)

   It protects you from fire.
   It protects you from cold.
   It protects you from poison.
   It affects your resistance to hostile enchantments.
 x - the +2 hat of the Bear Spirit (worn) {Spirit, +Rage rN+ MR++}
   (You found it on level 3 of the Lair of Beasts)

   It protects you from negative energy.
   It affects your resistance to hostile enchantments.
   It lets you go berserk.
 N - a +2 kite shield of reflection (worn)
 T - the +1 buckler of Agnosticism {rN+}
   (You found it on level 3 of the Crypt)

   It protects you from negative energy.
 U - a scarf of resistance (worn)
 W - a +2 pair of gloves of strength (worn)
Jewellery
 g - a +4 ring of evasion
 i - the amulet "Eramuirr" {RegenMP Dex+4 Slay+5}
   (You acquired it on level 4 of the Shoals)

   [amulet of magic regeneration]

   It increases your magic regeneration.
   It affects your dexterity (+4).
   It affects your accuracy and damage with ranged weapons and melee attacks
   (+5).
 o - the amulet "Qimes" (around neck) {RegenMP rF+ rC++ rN+ Str-4}
   (You acquired it on level 3 of the Snake Pit)

   [amulet of magic regeneration]

   It increases your magic regeneration.
   It affects your strength (-4).
   It protects you from fire.
   It greatly protects you from cold.
   It protects you from negative energy.
 v - a ring of positive energy (left hand)
 y - an uncursed ring of resist corrosion
 D - a +6 ring of strength (right hand)
 I - the amulet "Tutzil" {rElec rC+ Regen+ Dex+8}
   (You took it off a deep elf mage on level 3 of the Elven Halls)

   [amulet of regeneration]

   It affects your dexterity (+8).
   It protects you from cold.
   It insulates you from electricity.
   It increases your rate of regeneration.
 L - an uncursed ring of see invisible
 S - an uncursed ring of protection from fire
Wands
 p - a wand of digging (8)
 A - a wand of disintegration (10)
 O - a wand of clouds (29)
Scrolls
 a - 6 scrolls of immolation
 d - 13 scrolls of identify
 k - 8 scrolls of blinking
 m - 9 scrolls of fear
 r - 10 scrolls of magic mapping
 t - 8 scrolls of remove curse
 z - 5 scrolls of fog
 B - 9 scrolls of enchant weapon
 C - 5 scrolls of torment
 G - a scroll of summoning
 H - 20 scrolls of teleportation
 J - 6 scrolls of vulnerability
 M - 6 scrolls of enchant armour
Potions
 b - a potion of invisibility
 e - 6 potions of might
 f - 6 potions of heal wounds
 h - 5 potions of lignification
 j - 4 potions of cancellation
 l - 19 potions of curing
 q - 5 potions of resistance
 s - 3 potions of ambrosia
 w - a potion of flight
 P - 3 potions of stabbing
 Q - 2 potions of mutation
 R - 3 potions of haste
Miscellaneous
 F - 4 boxes of beasts
 Z - a tin of tremorstones (3/3)
Comestibles
 c - 92 rations
 K - 14 chunks of flesh


   Skills:
 + Level 26.6 Fighting
 * Level 25.8 Axes
 * Level 20.2 Armour
 - Level 21.0 Dodging
 - Level 0.3 Stealth
 + Level 21.4 Shields
 + Level 2.9 Evocations


You had 25 spell levels left.
You didn't know any spells.
Your spell library was empty.

Dungeon Overview and Level Annotations

Branches:
Dungeon (15/15)            Temple (0/1) D:4            Lair (6/6) D:11
 Shoals (4/4) Lair:3        Snake (4/4) Lair:3        Slime (5/5) Lair:5
    Orc (2/2) D:10            Elf (3/3) Orc:2        Vaults (4/5) D:13
  Crypt (3/3) Vaults:2       Tomb (1/3) Crypt:3      Depths (0/5) D:15
  IceCv (visited)

Altars:
Elyvilon
Hepliaklqana
Makhleb
Ru
Uskayaw
Xom
Yredelemnul
The Shining One
Beogh
Jiyva

Shops:
D:8 :   D:9 *((   D:13 *   Orc:2 [(*:   Shoals:4 }(:*!   Vaults:1 !
Vaults:3 ?   Vaults:4 =

Annotations:
D:11 1 runed translucent door
D:14 2 exclusions
D:15 Roxanne
Crypt:1 1 runed translucent door, Oppueck's ghost, veteran MiGl


Innate Abilities, Weirdness & Mutations

You reflexively headbutt those who attack you in melee.
You have a pair of horns on your head.
You have a beak for a mouth.
You often lose your temper in combat.
Scrolls take you a little longer to read.
Your magical capacity is low. (-10% MP)
You are robust. (+10% HP)
Your spells are a little harder to cast, but a little more powerful.
You expend magic power (3 MP) to strengthen your wands.


Message History

You feel extremely nervous for a moment...
Your body is wracked with pain!
* * * LOW HITPOINT WARNING * * *
x2 You feel sick.
* * * LOW HITPOINT WARNING * * *
You feel very sick. The death scarab bites you.
* * * LOW HITPOINT WARNING * * *
The death scarab drains your vigour!
You feel as though you will be slow longer.
The hungry ghost enters a dispersal trap!
The stone giant simulacrum blinks!
The greater mummy blinks!
The death scarab blinks!
The mummy priest blinks! x3; The chaos spawn blinks!
The death scarab blinks!
The mana viper blinks!
The wraith blinks!
The freezing wraith blinks!
The mummy priest blinks!
The wight blinks!
The mana viper blinks!
The mummy priest blinks!
The death scarab blinks! x2
The greater mummy blinks!
You block the death scarab's attack.
There is a huge open gate here.
You feel a strong urge to attack something.
You die...

#.......#
#.8...8.#
#.......#
#.......#
#.8...8.#
#.......#
#.......#
#.8...8.#
#......@#
##''MM§##
#..§z.sM#
.......s†.§......
...§M.§...§......
###...§WS........
#.^...4M..Ss.Z.
#M.........§§..
#.z^WM§§..MW.§.


You could see 2 greater mummies, a mummy priest, a mana viper (summoned), a
chaos spawn (summoned), a wraith (summoned), 2 death scarabs, a flying skull
(summoned) and a mummy.

Vanquished Creatures
  An ancient lich (Crypt:3)
  Boris (Crypt:3)
  Sojobo (Vaults:2)
  A greater mummy (Tomb:1)
  Bai Suzhen (Vaults:4)
  Xtahua (Crypt:1)
  Nikola (Snake:4)
  2 bone dragons (Crypt:3)
  Jory (Vaults:3)
  6 liches
  Rupert (Orc:2)
  22 acid blobs
  Asterion (Vaults:1)
  A kraken (Shoals:4)
  Polyphemus (Shoals:3)
  4 sphinxes
  3 deep elf blademasters (Elf:3)
  7 ancient champions
  Kirke (Lair:6)
  2 tengu reavers
  Donald (Vaults:3)
  2 fire giants
  9 nagarajas
  10 azure jellies
  Ilsuiw (Shoals:3)
  7 deep elf sorcerers
  An orc warlord (Vaults:4)
  9 vault wardens
  12 ironheart preservers
  3 deep elf elementalists (Elf:3)
  2 curse skulls (Vaults:2)
  3 very ugly things (Vaults:4)
  2 ghouls (Crypt:2)
  4 stone giants
  The ghost of Jaukib the Imperceptible, an adept SpEn of Kikubaaqudgha (Shoals:2)
  A reaper (Crypt:3)
  2 entropy weavers
  8 deep elf demonologists
  5 vampire knights
  2 bennus (Tomb:1)
  7 deep elf annihilators
  5 eidola
  4 ettins
  4 death oozes
  8 merfolk impalers
  3 mummy priests (Tomb:1)
  6 deep elf death magi
  6 jiangshi
  A fire dragon (Lair:6)
  A spectral kraken (Shoals:2)
  3 deep elf high priests (Elf:3)
  2 ice dragons
  7 great orbs of eyes
  6 merfolk javelineers
  Fannar (Lair:2)
  The ghost of Quickbrownfox the Cleaver, a journeyman MiGl of Okawaru (D:11)
  6 yaktaur captains
  A quicksilver dragon skeleton (Crypt:3)
  7 hydras
  10 vault guards
  4 merfolk avatars
  Harold (D:9)
  16 naga warriors
  2 catoblepae
  9 anacondas
  9 ogre magi
  8 merfolk aquamancers
  35 two-headed ogres
  3 alligator snapping turtles
  20 death yaks
  24 dancing weapons
  12 centaur warriors
  4 death knights
  3 deep troll shamans
  2 satyrs
  12 death scarabs (Tomb:1)
  2 vampire magi
  8 naga sharpshooters
  2 deep troll earth magi
  7 orc high priests
  5 hell knights (Vaults:4)
  A soul eater (Crypt:2)
  6 shock serpents
  25 deep elf knights
  A titan skeleton (Crypt:3)
  Nergalle (Lair:3)
  5 shadow wraiths
  A salamander mystic (Snake:3)
  4 deep trolls
  46 skeletal warriors
  4 glowing orange brains
  11 sea snakes
  2 storm dragon skeletons
  4 necromancers
  10 unseen horrors
  An orange crystal statue (Elf:1)
  A kraken simulacrum (Shoals:2)
  6 flayed ghosts
  8 wizards
  16 harpies
  2 golden dragon skeletons (Crypt:3)
  17 ironbrand convokers
  5 naga ritualists
  17 deep elf archers
  9 phantasmal warriors
  28 orc knights
  An orb spider (shapeshifter) (Vaults:3)
  3 wolf spiders
  An anaconda skeleton (Crypt:3)
  2 lindwurms (Lair:6)
  6 shadow dragon skeletons
  92 deep elf magi
  6 shining eyes
  33 ugly things
  2 orc sorcerers
  8 mana vipers
  17 cyclopes
  15 fauns
  The ghost of kthxbai the Covert, a novice SpEn of Kikubaaqudgha (D:8)
  17 manticores
  12 salamanders
  22 elephants
  A worldbinder (Abyss:1)
  20 guardian serpents
  11 merfolk sirens
  7 fire giant skeletons
  A stone giant skeleton (Crypt:3)
  14 naga magi
  An ice statue (IceCv)
  2 eyes of devastation
  A black mamba (shapeshifter) (D:14)
  13 vault sentinels
  18 spiny frogs
  6 water nymphs
  A gargoyle (D:15)
  5 torpor snails (Lair:6)
  2 smoke demons
  32 black mambas
  5 komodo dragons
  2 efreet
  Maggie (D:9)
  A komodo dragon (shapeshifter) (Vaults:3)
  A rime drake (Lair:3)
  2 anaconda simulacra (IceCv)
  2 shock serpent skeletons (Crypt:3)
  2 kobold demonologists (D:8)
  29 freezing wraiths
  A rime drake (shapeshifter) (Vaults:3)
  2 guardian mummies (Tomb:1)
  A ghost moth simulacrum (Crypt:1)
  30 yaktaurs
  2 ice devils (IceCv)
  6 trolls
  A catoblepas skeleton (Crypt:1)
  An emperor scorpion zombie (Crypt:3)
  5 golden dragon simulacra
  A jumping spider (Vaults:1)
  2 jumping spiders (shapeshifter)
  3 tyrant leeches (Lair:6)
  33 merfolk
  A wind drake (shapeshifter) (Elf:3)
  A troll (shapeshifter) (Vaults:3)
  6 wind drakes
  10 hornets
  A wolf spider simulacrum (Crypt:1)
  A bog body (Crypt:2)
  10 blink frogs
  4 dream sheep (Lair:6)
  A harpy skeleton (Crypt:2)
  6 snapping turtles
  An iron dragon simulacrum (Crypt:1)
  A shadow dragon simulacrum (Crypt:1)
  98 slime creatures
  A hornet (shapeshifter) (Elf:1)
  A hippogriff (shapeshifter) (Vaults:1)
  A hydra skeleton (Crypt:2)
  16 hippogriffs
  A guardian serpent zombie (Crypt:1)
  A frost giant simulacrum (Crypt:1)
  4 stone giant simulacra (Crypt:1)
  A fire giant simulacrum (Crypt:1)
  A spriggan (shapeshifter) (Vaults:1)
  3 air elementals
  4 centaur simulacra
  10 wraiths
  2 ettin skeletons (Crypt:3)
  A shadow (Crypt:1)
  12 water elementals
  9 flying skulls (Crypt:3)
  An ice dragon skeleton (Crypt:3)
  2 vampires (D:11)
  3 redbacks
  An ushabti (Tomb:1)
  A wyvern (D:13)
  3 hogs (D:9)
  A human (D:9)
  4 dire elephant simulacra (IceCv)
  A fire elemental (Elf:2)
  3 golden eyes (Slime:2)
  53 yaks
  Grum (D:10)
  A wyvern (shapeshifter) (Vaults:2)
  A black mamba skeleton (Crypt:3)
  2 hungry ghosts
  2 neqoxecs (Abyss:1)
  2 vampire mosquitoes (D:10)
  3 iron troll simulacra (IceCv)
  A death yak simulacrum (IceCv)
  37 nagas
  4 harpy simulacra
  Edmund (D:5)
  2 acid dragons
  A gelid demonspawn zombie (Crypt:1)
  A deep troll zombie (Crypt:2)
  A deep troll skeleton (Vaults:3)
  6 wargs
  12 water moccasins
  A torturous demonspawn skeleton (Crypt:1)
  A floating eye (Elf:3)
  7 porcupines
  A faun skeleton (Crypt:2)
  62 orc warriors
  An infernal demonspawn skeleton (Crypt:2)
  An ettin simulacrum (Crypt:1)
  2 ice beasts
  A black bear (shapeshifter) (D:15)
  9 eyes of draining
  5 sky beasts
  A black bear (D:13)
  A fire dragon simulacrum (Crypt:1)
  2 ice dragon simulacra (Crypt:1)
  10 necrophages
  7 boggarts (Vaults:1)
  4 phantoms
  25 ogres
  A torpor snail zombie (Crypt:3)
  3 wolves (D:10)
  A black mamba simulacrum (Crypt:1)
  3 snapping turtle skeletons
  7 crocodiles
  22 centaurs
  A yaktaur zombie (Crypt:2)
  A draconian zombie (Crypt:3)
  10 big kobolds
  2 earth elementals
  21 bullfrogs
  A gnoll sergeant (D:11)
  A merfolk simulacrum (Crypt:1)
  A wyvern zombie (D:6)
  A polar bear zombie (Crypt:1)
  A wyvern skeleton (D:11)
  6 scorpions
  17 killer bees
  2 human simulacra
  An elephant simulacrum (IceCv)
  A swamp dragon simulacrum (Crypt:1)
  2 troll skeletons
  31 wights
  A warg skeleton (Crypt:3)
  5 electric eels
  3 howler monkeys
  A wolf zombie (Crypt:2)
  A lava snake (Snake:2)
  2 bullfrog zombies
  2 centaur zombies
  10 crimson imps
  2 quasits (Abyss:1)
  2 draconian simulacra (IceCv)
  7 centaur skeletons
  2 bullfrog skeletons
  3 hounds
  3 human zombies (D:8)
  8 jellies
  19 orc priests
  14 orc wizards
  2 human skeletons
  8 iguanas
  16 worker ants
  6 troll simulacra (IceCv)
  5 spriggan simulacra (IceCv)
  A big kobold zombie (Crypt:2)
  A tengu skeleton (Crypt:2)
  An ogre skeleton (Crypt:3)
  A demigod skeleton (Crypt:3)
  A hound skeleton (Crypt:2)
  2 hound zombies
  6 mummies
  3 worker ant zombies
  12 gnolls
  A howler monkey skeleton (D:6)
  An ogre simulacrum (IceCv)
  12 adders
  A naga simulacrum (IceCv)
  8 shadow imps
  4 white imps (IceCv)
  6 ufetubi
  2 adder zombies
  An ooze (D:4)
  2 adder skeletons
  4 dart slugs
  2 leopard geckos
  96 orcs
  8 ball pythons
  14 giant cockroaches
  6 goblins
  4 hobgoblins
  10 jackals
  65 kobolds
  7 quokkas
  A bat (D:3)
  3 frilled lizards (D:1)
  2 jackal skeletons
  3 quokka skeletons
  A quokka zombie (D:7)
  7 rats
  A butterfly (Lair:6)
  5 fungi
  15 plants
  7 tentacles
  A withered plant (D:10)
2246 creatures vanquished.

Vanquished Creatures (collateral kills)
  the Royal Jelly (Slime:5)
  An Ice Fiend (IceCv)
  6 acid blobs (Slime:5)
  3 sphinxes (Tomb:1)
  2 azure jellies (Slime:5)
  2 deep elf sorcerers (Elf:3)
  An orc warlord (Orc:2)
  Nessos (D:14)
  A deep elf demonologist (Elf:3)
  3 death oozes (Slime:5)
  A merfolk impaler (Shoals:4)
  A deep elf high priest (Elf:3)
  A naga warrior (Snake:4)
  A merfolk aquamancer (Shoals:4)
  2 merfolk avatars (Shoals:4)
  2 centaur warriors
  4 dancing weapons (Elf:2)
  A death scarab (Tomb:1)
  An orc high priest (Orc:2)
  3 sea snakes
  A wolf spider zombie (D:14)
  3 harpies (Shoals:4)
  An orc knight (D:11)
  An ironbrand convoker (Vaults:2)
  A shining eye (Slime:5)
  6 deep elf magi
  A salamander (Snake:4)
  A vault sentinel (Vaults:2)
  4 black mambas
  3 water nymphs (Shoals:4)
  5 guardian serpents (Snake:4)
  A naga mage (Snake:3)
  A manticore (Shoals:4)
  4 yaktaurs
  A kobold demonologist (D:14)
  3 freezing wraiths (IceCv)
  2 ice devils (IceCv)
  5 merfolk (Shoals:4)
  11 slime creatures (Slime:5)
  A snapping turtle (Shoals:4)
  A vampire (D:11)
  3 water elementals (Shoals:4)
  2 wraiths
  A harpy simulacrum (IceCv)
  7 nagas
  5 water moccasins (Snake:1)
  An ettin simulacrum (IceCv)
  6 centaurs
  2 orc priests
  A polar bear simulacrum (IceCv)
  A naga simulacrum (IceCv)
  An ufetubus (IceCv)
125 creatures vanquished.

Vanquished Creatures (others)
  A tengu reaver (Vaults:2)
  An orc knight (Vaults:1)
  A guardian serpent (Snake:4)
  A troll (Vaults:1)
  A golden eye (Slime:2)
  An orc warrior (Vaults:4)
  An ogre (D:4)
  An orc priest (D:8)
  A white imp (IceCv)
  A frilled lizard (D:4)
  10 fungi
  17 plants
  6 tentacles
43 creatures vanquished.

Grand Total: 2414 creatures vanquished

Notes
Turn   | Place    | Note
-------+----------+-------------------------------------------
     0 | D:1      | Erymatos the Minotaur Berserker began the quest for the
                  | Orb.
     0 | D:1      | Reached XP level 1. HP: 19/19 MP: 0/0
    41 | D:1      | Reached XP level 2. HP: 23/27 MP: 1/1
   129 | D:1      | Reached skill level 4 in Fighting
   150 | D:1      | Reached XP level 3. HP: 24/33 MP: 2/2
   617 | D:1      | Reached ** piety under Trog
  1430 | D:3      | Reached skill level 5 in Axes
  1430 | D:3      | Reached XP level 4. HP: 16/41 MP: 3/3
  1773 | D:3      | Reached XP level 5. HP: 44/47 MP: 4/4
  1981 | D:3      | Reached skill level 5 in Fighting
  2216 | D:3      | Reached XP level 6. HP: 44/56 MP: 5/5
  2313 | D:3      | Reached *** piety under Trog
  2381 | D:3      | Reached XP level 7. HP: 48/62 MP: 6/6
  2614 | D:3      | Reached **** piety under Trog
  2780 | D:4      | Found a hide-covered altar of Uskayaw.
  2935 | D:4      | Found a hazy altar of Hepliaklqana.
  2947 | D:4      | Reached skill level 6 in Fighting
  3491 | D:4      | Found a staircase to the Ecumenical Temple.
  3513 | D:5      | Entered Level 5 of the Dungeon
  3549 | D:5      | Found a glowing drain.
  3670 | D:5      | Noticed Edmund
  3679 | D:5      | Killed Edmund
  3679 | D:5      | Reached XP level 8. HP: 71/71 MP: 7/7
  3878 | D:5      | Found a glowing golden altar of the Shining One.
  3878 | D:5      | Found a sacrificial altar of Ru.
  4247 | D:6      | Reached skill level 5 in Armour
  4255 | D:6      | Reached ***** piety under Trog
  4314 | D:6      | Noticed a hippogriff
  4322 | D:6      | Killed a hippogriff
  4322 | D:6      | Reached skill level 10 in Axes
  4370 | D:6      | Reached skill level 7 in Fighting
  4461 | D:6      | Found a white marble altar of Elyvilon.
  4549 | D:6      | Found a large runed translucent door.
  4550 | D:6      | Found a large runed translucent door.
  4550 | D:6      | Found a large runed translucent door.
  4551 | D:6      | Found a large runed translucent door.
  4588 | D:6      | Reached XP level 9. HP: 42/79 MP: 8/8
  4998 | D:6      | Received a gift from Trog
  5290 | D:6      | Got a bloodstained broad axe {god gift}
  5291 | D:6      | Identified the +11 broad axe of Wikoaloro {vorpal, +Fly
                  | rPois MR+} (Trog gifted it to you on level 6 of the
                  | Dungeon)
  5359 | D:7      | Reached skill level 8 in Fighting
  5585 | D:7      | Found a burning altar of Makhleb.
  6772 | D:8      | Found Gicererch's Book Emporium.
  6779 | D:8      | Found a transporter.
  6786 | D:8      | Noticed a kobold demonologist
  6788 | D:8      | Reached XP level 10. HP: 85/90 MP: 9/9
  6966 | D:8      | Found a transporter.
  6984 | D:8      | Reached skill level 9 in Fighting
  7000 | D:8      | Found a runed translucent gate.
  7000 | D:8      | Found a runed translucent gate.
  7000 | D:8      | Found a runed translucent gate.
  7004 | D:8      | Noticed kthxbai's ghost (novice SpEn)
  7006 | D:8      | Found a viscous altar of Jiyva.
  7232 | D:8      | Received a gift from Trog
  7288 | D:8      | Found a basalt altar of Yredelemnul.
  7436 | D:8      | Killed kthxbai's ghost
  7436 | D:8      | Reached skill level 10 in Fighting
  7538 | D:9      | Found Poxir's General Store.
  7538 | D:9      | Found Wuneqel's Food Boutique.
  7543 | D:9      | Found Yherghaj's Weapon Boutique.
  7544 | D:9      | Found Icanyisch's Weapon Boutique.
  7547 | D:9      | Bought a scroll of teleportation for 30 gold pieces
  7569 | D:9      | Got a brightly glowing cloak
  7575 | D:9      | Identified the +2 cloak of Jile {rC+ Str-3 Stlth+} (You
                  | found it on level 9 of the Dungeon)
  7713 | D:9      | Reached skill level 1 in Shields
  7721 | D:9      | Reached ****** piety under Trog
  8043 | D:9      | Noticed Maggie
  8052 | D:9      | Killed Maggie
  8052 | D:9      | Reached XP level 11. HP: 80/101 MP: 10/10
  8166 | D:9      | Noticed Harold
  8173 | D:9      | Killed Harold
  8345 | D:9      | Received a gift from Trog
  8525 | D:10     | Entered Level 10 of the Dungeon
  8531 | D:10     | Noticed a two-headed ogre
  8537 | D:10     | Reached skill level 10 in Armour
  8541 | D:10     | Killed a two-headed ogre
  8542 | D:10     | Reached skill level 15 in Axes
  8724 | D:10     | Noticed Grum
  8743 | D:10     | Killed Grum
  8956 | D:10     | Reached skill level 11 in Fighting
  8979 | D:10     | Noticed a two-headed ogre
  8987 | D:10     | Killed a two-headed ogre
  9214 | D:10     | Found a staircase to the Orcish Mines.
  9495 | D:11     | Noticed a cyan ugly thing
  9498 | D:11     | Noticed a two-headed ogre
  9504 | D:11     | Killed a two-headed ogre
  9511 | D:11     | Killed a cyan ugly thing
  9511 | D:11     | Reached XP level 12. HP: 54/110 MP: 11/11
  9726 | D:11     | You fall into a shaft and drop 3 floors!
  9730 | D:14     | Noticed a centaur warrior
  9737 | D:14     | Killed a centaur warrior
  9771 | D:14     | Received a gift from Trog
  9970 | D:14     | Noticed a centaur warrior
  9970 | D:14     | Reached skill level 12 in Fighting
  9978 | D:14     | Killed a centaur warrior
 10239 | D:14     | Noticed Nessos
 10261 | D:14     | Killed Nessos
 10489 | D:12     | Noticed a two-headed ogre
 10495 | D:12     | Killed a two-headed ogre
 10517 | D:12     | Reached skill level 5 in Dodging
 11652 | D:11     | You fall into a shaft and drop 1 floor!
 11796 | D:11     | Noticed a lich
 11796 | D:11     | Noticed Quickbrownfox's ghost (journeyman MiGl)
 11797 | D:11     | Noticed a stone giant
 11798 | D:11     | Noticed an ettin
 11809 | D:11     | Noticed a two-headed ogre
 11813 | D:11     | Killed a two-headed ogre
 12023 | D:11     | Found a staircase to the Lair.
 12115 | D:11     | Found a runed translucent door.
 12126 | D:11     | Found a runed translucent door.
 12599 | D:13     | Received a gift from Trog
 12614 | D:13     | Noticed a two-headed ogre
 12620 | D:13     | Killed a two-headed ogre
 12620 | D:13     | Reached XP level 13. HP: 72/119 MP: 12/12
 12850 | D:13     | Found Elewkuank's General Store.
 13004 | D:13     | Bought a scroll of immolation for 42 gold pieces
 13146 | D:13     | Reached skill level 13 in Fighting
 13385 | D:13     | Found a gate to the Vaults.
 13862 | D:14     | Reached skill level 5 in Shields
 14736 | D:15     | Entered Level 15 of the Dungeon
 14756 | D:15     | Identified Roxanne's Tome of Shape Shifting
 14756 | D:15     | Noticed Roxanne
 15509 | D:15     | Reached skill level 14 in Fighting
 15521 | D:15     | Received a gift from Trog
 15917 | D:15     | Found a staircase to the Depths.
 15929 | D:15     | Reached XP level 14. HP: 132/132 MP: 13/13
 16465 | Lair:1   | Entered Level 1 of the Lair of Beasts
 17334 | D:14     | Identified a scroll of acquirement
 17906 | Lair:2   | Noticed Fannar
 17915 | Lair:2   | Killed Fannar
 18385 | Lair:3   | Noticed Nergalle
 18399 | Lair:3   | Killed Nergalle
 18399 | Lair:3   | Received a gift from Trog
 18587 | Lair:3   | Found a staircase to the Shoals.
 18611 | Lair:3   | Reached skill level 15 in Fighting
 18795 | Lair:3   | Found a staircase to the Snake Pit.
 18858 | Lair:3   | Found the +2 hat of the Bear Spirit {Spirit, +Rage rN+
                  | MR++}
 18904 | Lair:3   | Reached skill level 10 in Shields
 20410 | D:11     | Killed a stone giant
 20417 | D:11     | Killed a lich
 20418 | D:11     | Killed Quickbrownfox's ghost
 20885 | Lair:4   | Received a gift from Trog
 21102 | Lair:4   | Reached XP level 15. HP: 127/141 MP: 14/14
 21244 | Lair:4   | Reached skill level 1 in Evocations
 21992 | Lair:5   | Found a staircase to the Slime Pits.
 21993 | Lair:5   | Found a viscous altar of Jiyva.
 22257 | Lair:5   | Reached skill level 16 in Fighting
 22780 | Lair:6   | Entered Level 6 of the Lair of Beasts
 23149 | Lair:6   | Reached skill level 10 in Dodging
 23548 | Lair:6   | Received a gift from Trog
 24030 | Lair:6   | Found a runed translucent door.
 24031 | Lair:6   | Noticed Kirke
 24066 | Lair:6   | Killed Kirke
 24128 | Lair:6   | Reached skill level 15 in Armour
 24549 | Orc:1    | Entered Level 1 of the Orcish Mines
 24767 | Orc:2    | Entered Level 2 of the Orcish Mines
 24767 | Orc:2    | Found Bolu Yde's General Store.
 24767 | Orc:2    | Noticed an orc warlord
 24779 | Orc:2    | Reached skill level 17 in Fighting
 24781 | Orc:2    | Reached XP level 16. HP: 155/155 MP: 15/15
 24984 | Orc:2    | Bought a scroll of teleportation for 39 gold pieces
 25018 | Orc:2    | Noticed Rupert
 25032 | Orc:2    | Killed Rupert
 25033 | Orc:2    | Found a staircase to the Elven Halls.
 25037 | Orc:2    | Received a gift from Trog
 25172 | Orc:2    | Found a roughly hewn altar of Beogh.
 25204 | Orc:2    | Found Saewexki's Antique Armour Shop.
 25209 | Orc:2    | Cast into level 1 of the Abyss (orc warrior)
 25316 | Orc:2    | Escaped the Abyss
 25454 | Orc:2    | Found Lizitu's Book Boutique.
 25754 | Orc:2    | Found Offir's Antique Weapon Shoppe.
 26414 | Snake:1  | Entered Level 1 of the Snake Pit
 26467 | Snake:1  | Found a runed translucent gate.
 26467 | Snake:1  | Found a runed translucent gate.
 26467 | Snake:1  | Found a runed translucent gate.
 26484 | Snake:1  | Got a pitted morningstar
 26545 | Snake:1  | Received a gift from Trog
 27044 | Snake:1  | Found a frozen archway.
 27053 | IceCv    | Entered an ice cave
 27655 | IceCv    | Received a gift from Trog
 27761 | IceCv    | Noticed an Ice Fiend
 27777 | IceCv    | Killed an Ice Fiend
 28059 | IceCv    | Identified the cursed +2 morningstar of the Inferno
                  | {freeze, Int+2} (You found it on level 1 of the Snake Pit)
 28382 | Snake:1  | Reached skill level 15 in Shields
 28997 | Snake:1  | Reached skill level 18 in Fighting
 29286 | Snake:2  | Received a gift from Trog
 29664 | Snake:2  | Reached XP level 17. HP: 152/166 MP: 16/16
 31100 | Snake:3  | Received a gift from Trog
 31164 | Snake:3  | Reached skill level 19 in Fighting
 31510 | Snake:4  | Entered Level 4 of the Snake Pit
 31551 | Snake:4  | Noticed Nikola
 31563 | Snake:4  | Killed Nikola
 32916 | Snake:4  | Received a gift from Trog
 32944 | Snake:4  | Reached XP level 18. HP: 118/178 MP: 17/17
 32950 | Snake:4  | Got a serpentine rune of Zot
 33502 | Snake:3  | Acquired the amulet "Qimes" {RegenMP rF+ rC++ rN+ Str-4}
 33617 | Lair:3   | Acquired 4290 gold pieces
 33741 | Orc:2    | Bought a ration for 65 gold pieces
 33877 | D:13     | Bought a ration for 60 gold pieces
 33877 | D:13     | Bought a ration for 60 gold pieces
 33877 | D:13     | Bought a ration for 60 gold pieces
 34014 | D:9      | Bought a ration for 65 gold pieces
 34014 | D:9      | Bought a ration for 65 gold pieces
 34014 | D:9      | Bought a ration for 65 gold pieces
 34014 | D:9      | Bought a ration for 65 gold pieces
 34014 | D:9      | Bought a ration for 65 gold pieces
 34014 | D:9      | Bought a ration for 65 gold pieces
 34014 | D:9      | Bought a ration for 65 gold pieces
 34014 | D:9      | Bought a ration for 65 gold pieces
 34014 | D:9      | Bought a ration for 65 gold pieces
 34014 | D:9      | Bought a ration for 65 gold pieces
 34285 | Elf:1    | Entered Level 1 of the Elven Halls
 34460 | Elf:1    | Reached skill level 20 in Fighting
 34778 | Elf:1    | Got a bloodstained scale mail
 34789 | Elf:1    | Identified the cursed +1 scale mail "Fumedgh" {rPois rC++
                  | Int-2 Stlth+} (You found it on level 1 of the Elven Halls)
 35549 | Elf:2    | Noticed an Ice Fiend
 35808 | Elf:2    | Found a runed translucent gate.
 35810 | Elf:2    | Found a runed translucent gate.
 35810 | Elf:2    | Found a runed translucent gate.
 35983 | Elf:2    | Received a gift from Trog
 37311 | Elf:3    | Entered Level 3 of the Elven Halls
 37558 | Elf:3    | Reached XP level 19. HP: 188/188 MP: 19/19
 37623 | Elf:3    | Received a gift from Trog
 38046 | Elf:3    | Reached skill level 21 in Fighting
 38386 | Elf:3    | Identified the amulet "Tutzil" {rElec rC+ Regen+ Dex+8}
 38401 | Elf:3    | Identified the +3 leather armour of the Ten Beasts {rN+
                  | MR+}
 38414 | Elf:3    | Noticed a Brimstone Fiend
 38549 | Elf:3    | Identified the +4 ring mail "Ramayth" {Str+5}
 38761 | Elf:3    | Identified the +7 long sword of Sunt {vorpal, rElec rF-
                  | Str+5 Int+3}
 38769 | Elf:3    | Identified the +2 mace of Embarrassment {vorpal, *Corrode
                  | rF+ MR+}
 38786 | Elf:3    | Noticed a Tzitzimitl
 38968 | Elf:3    | Found the +6 arbalest "Damnation" {damnation}
 39909 | Vaults:1 | Entered Level 1 of the Vaults
 40011 | Vaults:1 | Found Keyclul's Distillery.
 40019 | Vaults:1 | Paralysed by a hornet for 3 turns
 40048 | Vaults:1 | Noticed Asterion
 40067 | Vaults:1 | Killed Asterion
 40418 | Vaults:1 | Bought a potion of ambrosia for 144 gold pieces
 40418 | Vaults:1 | Bought 2 potions of heal wounds for 180 gold pieces
 40418 | Vaults:1 | Bought a potion of curing for 54 gold pieces
 40418 | Vaults:1 | Bought a potion of lignification for 54 gold pieces
 40418 | Vaults:1 | Bought a potion of curing for 54 gold pieces
 40418 | Vaults:1 | Bought a potion of curing for 54 gold pieces
 40418 | Vaults:1 | Bought a potion of curing for 54 gold pieces
 40765 | Vaults:1 | Reached skill level 22 in Fighting
 40777 | Vaults:1 | Reached XP level 20. HP: 179/200 MP: 17/20
 41716 | Vaults:1 | Received a gift from Trog
 41937 | Vaults:2 | Noticed Sojobo
 41959 | Vaults:2 | Killed Sojobo
 42460 | Vaults:2 | Got a brightly glowing dire flail
 42619 | Vaults:2 | Reached skill level 23 in Fighting
 43167 | Vaults:2 | Received a gift from Trog
 43171 | Vaults:2 | Reached skill level 15 in Dodging
 43864 | Vaults:2 | Found a staircase to the Crypt.
 44021 | Vaults:2 | Identified the +1 dire flail of Cruel Justice {vorpal,
                  | rElec Str+3 Int+7 Dex+3} (You found it on level 2 of the
                  | Vaults)
 44117 | Vaults:3 | Noticed Donald
 44127 | Vaults:3 | Killed Donald
 44127 | Vaults:3 | Reached XP level 21. HP: 198/213 MP: 21/21
 44248 | Vaults:3 | Received a gift from Trog
 44248 | Vaults:3 | Reached skill level 24 in Fighting
 44582 | Vaults:3 | Noticed Jory
 44607 | Vaults:3 | Killed Jory
 44784 | Vaults:3 | Found Diyt's Magic Scroll Shop.
 44789 | Vaults:3 | Bought a scroll of teleportation for 48 gold pieces
 44789 | Vaults:3 | Bought a scroll of enchant armour for 120 gold pieces
 44789 | Vaults:3 | Bought a scroll of fear for 56 gold pieces
 44789 | Vaults:3 | Bought a scroll of identify for 32 gold pieces
 44789 | Vaults:3 | Bought a scroll of remove curse for 48 gold pieces
 44789 | Vaults:3 | Bought a scroll of teleportation for 48 gold pieces
 44789 | Vaults:3 | Bought a scroll of teleportation for 48 gold pieces
 45583 | Vaults:4 | Found a roughly hewn altar of Beogh.
 45611 | Vaults:4 | Received a gift from Trog
 46227 | Vaults:4 | Found Amoas's Jewellery Boutique.
 46831 | Vaults:4 | Noticed Bai Suzhen
 46849 | Vaults:4 | Killed Bai Suzhen
 46996 | Vaults:4 | Received a gift from Trog
 47856 | Shoals:1 | Entered Level 1 of the Shoals
 48812 | Shoals:2 | Reached XP level 22. HP: 207/224 MP: 19/22
 49139 | Shoals:2 | Received a gift from Trog
 49524 | Shoals:2 | Found a runed translucent gate.
 49524 | Shoals:2 | Found a runed translucent gate.
 49524 | Shoals:2 | Found a runed translucent gate.
 49524 | Shoals:2 | Noticed Jaukib's ghost (adept SpEn)
 49537 | Shoals:2 | Killed Jaukib's ghost
 49544 | Shoals:2 | Got a transparent bronze ring
 49564 | Shoals:2 | Identified the ring "Aclos" {+Fly MR+ Dex+2} (You found it
                  | on level 2 of the Shoals)
 49811 | Shoals:3 | Reached skill level 25 in Fighting
 50272 | Shoals:3 | Received a gift from Trog
 50362 | Shoals:3 | Noticed Ilsuiw
 50363 | Shoals:3 | Noticed Polyphemus
 50384 | Shoals:3 | Killed Polyphemus
 50395 | Shoals:3 | Killed Ilsuiw
 50543 | Shoals:4 | Entered Level 4 of the Shoals
 50653 | Shoals:4 | Found Etemyhan's Book Emporium.
 50664 | Shoals:4 | Bought a manual of Dodging for 2097 gold pieces
 50664 | Shoals:4 | Found Alatacs's General Store.
 50798 | Shoals:4 | Found Toreics's Gadget Shoppe.
 50821 | Shoals:4 | Found Qeot's Weapon Emporium.
 50838 | Shoals:4 | Received a gift from Trog
 51167 | Shoals:4 | Found Cattiag's Distillery.
 51182 | Shoals:4 | Bought a potion of resistance for 170 gold pieces
 51182 | Shoals:4 | Bought a potion of might for 68 gold pieces
 51182 | Shoals:4 | Bought a potion of curing for 51 gold pieces
 51182 | Shoals:4 | Bought a potion of haste for 170 gold pieces
 51182 | Shoals:4 | Bought a potion of heal wounds for 85 gold pieces
 51182 | Shoals:4 | Bought a potion of curing for 51 gold pieces
 51242 | Shoals:4 | Got a barnacled rune of Zot
 51669 | Shoals:4 | Acquired the amulet "Eramuirr" {RegenMP Dex+4 Slay+5}
 51855 | Slime:1  | Entered Level 1 of the Pits of Slime
 52091 | Slime:2  | Gained mutation: Scrolls take you a little longer to read.
                  | [a shining eye]
 52197 | Slime:2  | Gained mutation: Your magical capacity is low. (-10% MP) [a
                  | shining eye]
 52202 | Slime:2  | Gained mutation: You tend to lose your temper in combat. [a
                  | shining eye]
 52485 | Slime:2  | Gained mutation: You have sharp fingernails. [a shining
                  | eye]
 52486 | Slime:2  | Gained mutation: You are agile. (Dex +2) [a shining eye]
 52489 | Slime:2  | Gained mutation: You do not regenerate when monsters are
                  | visible. [a shining eye]
 52947 | Slime:3  | Received a gift from Trog
 53290 | Slime:4  | Reached XP level 23. HP: 145/234 MP: 11/20
 53453 | Slime:5  | Entered Level 5 of the Pits of Slime
 53455 | Slime:5  | Gained mutation: You occasionally shout uncontrollably at
                  | your foes. [a shining eye]
 53564 | Slime:5  | Found a viscous altar of Jiyva.
 53648 | Slime:5  | Gained mutation: Armour fits poorly on your strangely
                  | shaped body. [a shining eye]
 53651 | Slime:5  | Gained mutation: You are weak. (Str -2) [a shining eye]
 54626 | Slime:5  | Noticed the Royal Jelly
 54642 | Slime:4  | Lost mutation: You have sharp fingernails. [potion of
                  | mutation]
 54642 | Slime:4  | Lost mutation: Your magical capacity is low. (-10% MP)
                  | [potion of mutation]
 54642 | Slime:4  | Gained mutation: You often lose your temper in combat.
                  | [potion of mutation]
 54642 | Slime:4  | Lost mutation: You are agile. (Dex +2) [potion of mutation]
 54642 | Slime:4  | Gained mutation: You expend magic power (3 MP) to
                  | strengthen your wands. [potion of mutation]
 54643 | Slime:4  | Lost mutation: You occasionally shout uncontrollably at
                  | your foes. [potion of mutation]
 54643 | Slime:4  | Lost mutation: Armour fits poorly on your strangely shaped
                  | body. [potion of mutation]
 54643 | Slime:4  | Lost mutation: You do not regenerate when monsters are
                  | visible. [potion of mutation]
 54643 | Slime:4  | Lost mutation: You are weak. (Str -2) [potion of mutation]
 54643 | Slime:4  | Gained mutation: You have a beak for a mouth. [potion of
                  | mutation]
 54643 | Slime:4  | Gained mutation: You are robust. (+10% HP) [potion of
                  | mutation]
 54643 | Slime:4  | Gained mutation: Your magical capacity is low. (-10% MP)
                  | [potion of mutation]
 54643 | Slime:4  | Gained mutation: Your spells are a little harder to cast,
                  | but a little more powerful. [potion of mutation]
 54651 | Slime:5  | Killed the Royal Jelly
 54840 | Slime:5  | Got a slimy rune of Zot
 54911 | Slime:5  | Identified a +2 pair of boots of running (You found it on
                  | level 5 of the Pits of Slime)
 54923 | Slime:5  | Got a fine turquoise ring
 54925 | Slime:5  | Identified the ring "Doerafox" {+Inv rElec Dex-5 Stlth-}
                  | (You found it on level 5 of the Pits of Slime)
 55074 | Slime:5  | Got warped swamp dragon scales
 55085 | Slime:5  | Identified the cursed +1 swamp dragon scales "Reiwn" {rPois
                  | MR+ Str+3 Int+2} (You found it on level 5 of the Pits of
                  | Slime)
 55839 | Crypt:1  | Entered Level 1 of the Crypt
 55850 | Crypt:1  | Received a gift from Trog
 55893 | Crypt:1  | Found a runed translucent door.
 55895 | Crypt:1  | Found a shimmering altar of Xom.
 55895 | Crypt:1  | Noticed Oppueck's ghost (veteran MiGl)
 55896 | Crypt:1  | Found the +7 great mace "Firestarter" {inner flame, rF++}
 56400 | Crypt:1  | Noticed Xtahua
 56408 | Crypt:1  | Received a gift from Trog
 56413 | Crypt:1  | Killed Xtahua
 58193 | Crypt:3  | Entered Level 3 of the Crypt
 58292 | Crypt:3  | Found a staircase to the Tomb.
 58342 | Crypt:3  | Reached XP level 24. HP: 263/269 MP: 20/20
 58449 | Crypt:3  | Reached skill level 26 in Fighting
 58727 | Crypt:3  | Noticed Boris
 58733 | Crypt:3  | Killed Boris
 58734 | Crypt:3  | Received a gift from Trog
 58904 | Crypt:3  | Found a basalt altar of Yredelemnul.
 58945 | Crypt:3  | Noticed an ancient lich
 58956 | Crypt:3  | Killed an ancient lich
 59002 | Crypt:3  | Got a faintly humming buckler
 59013 | Crypt:3  | Identified the +1 buckler of Agnosticism {rN+} (You found
                  | it on level 3 of the Crypt)
 59310 | Crypt:3  | Received a gift from Trog
 59738 | Crypt:3  | Reached XP level 25. HP: 280/280 MP: 20/21
 59739 | Crypt:3  | Reached XP level 26. HP: 290/290 MP: 20/21
 59765 | Tomb:1   | Entered Level 1 of the Tomb of the Ancients
 60121 | Tomb:1   | Noticed a greater mummy
 60125 | Tomb:1   | Noticed a greater mummy
 60133 | Tomb:1   | Noticed a greater mummy
 60138 | Tomb:1   | Noticed a greater mummy
 60138 | Tomb:1   | HP: 14/427 [mummy priest/divine providence (10)]
 60139 | Tomb:1   | Killed a greater mummy
 60139 | Tomb:1   | HP: 5/427 [poison (dark miasma)]
 60140 | Tomb:1   | HP: 2/427 [poison (dark miasma)]
 60141 | Tomb:1   | Succumbed to poison (dark miasma)

Illustrated notes

Levels and vault maps discovered:
D:1:      dpeg_arrival_water_temple_mockup, layout_basic, serial_glass,
          glass_columns_a, glass_columns_b
D:2:      layout_basic
D:3:      minmay_goblin_kobold_castle, layout_basic, first_ration
D:4:      layout_loops_ring, kennysheep_little_box,
          eat_drink_and_be_merry_uskayaw, lemuel_temple_firewalk_a
D:5:      layout_loops_ring, gammafunk_temple_overflow_pools,
          portal_sewer_entry_f, dk_noncrumbling_4, uniq_edmund
D:6:      cheibrodos_iron_armory, layout_basic, nicolae_overflow_crystal_walls,
          minmay_hollow_rounded_squares
D:7:      layout_layer_cave, lemuel_crystal_altar
D:8:      gammafunk_wand_slinger, layout_rooms,
          lemuel_mausoleum_altar_yredelemnul, gammafunk_ghost_ooze,
          serial_shops, shop
D:9:      layout_irregular_city, grunt_livestock, minmay_shop_grid_forest,
          corexii_checkpoint_b, lightli_fourway_metalbox, uniq_maggie,
          uniq_harold
D:10:     layout_rooms, orc_0_dummy, serial_undead, serial_undead_a,
          serial_undead_c, serial_undead_c, serial_undead_f, kb_rosetta,
          uniq_grum
D:11:     layout_small_grid, lair_entry_dummy, gauntlet_entry_generic,
          muffindrake_ghost_dual_entry, serial_co_window_serial,
          co_window_paths_a, co_window_cross_1, co_window_paths_b,
          co_window_paths_b, co_window_paths_a, co_window_unsneaky_path_e,
          co_window_corner_b, co_window_broadway_a, co_window_2corner
D:12:     layout_stronghold, minmay_microvault
D:13:     layout_basic, david_vaults_5, serial_shops, shop
D:14:     layout_stronghold, uniq_nessos
D:15:     grunt_enter_depths_magical_seal, layout_loops_corners,
          chequers_decorated_corner, uniq_roxanne
Lair:1:   layout_misc_corridors, minivault_19, serial_bayou_crossing
Lair:2:   layout_gridlike, serial_bayou_shore_a, uniq_fannar
Lair:3:   layout_regular_city, minmay_shoals_entry_beasts, dummy_snake_entry,
          st_stairs_4, beast_lair_carwin_4, uniq_nergalle
Lair:4:   beast_lair_carwin_large_1, layout_cellular_growth
Lair:5:   layout_regular_city, slime_altar_1
Lair:6:   wormcave, layout_gridlike, lemuel_fruit_fields, uniq_kirke
Shoals:1: layout_shoals
Shoals:2: layout_shoals, ebering_ghost_davey_jones, st_sunken_huts
Shoals:3: layout_shoals, st_shoals_ruin, uniq_ilsuiw, uniq_polyphemus
Shoals:4: shoals_end_hangedman, layout_shoals, serial_shops, shop, shop,
          nicolae_shop_waterfront, shop_coins, nicolae_shop_window_shopping
Snake:1:  layout_chambers, portal_ice_cave_entry_pillars_1,
          nicolae_snake_horde_hoard, grunt_megastairs_4
Snake:2:  layout_basic, nicolae_snake_lava_pool
Snake:3:  layout_grid_maze
Snake:4:  snake_hunt, layout_basic, st_stairs_10, uniq_nikola
Slime:1:  layout_caves
Slime:2:  layout_caves
Slime:3:  layout_caves
Slime:4:  layout_caves
Slime:5
Orc:1:    layout_caves, serial_shops
Orc:2:    grunt_orc_gardens, layout_diamond_mine, grunt_orc_garden,
          grunt_orc_garden, grunt_orc_garden, grunt_orc_garden,
          bh_open_orc_temple, uniq_rupert
Elf:1:    layout_geoelf_grid, minmay_elf_crystal_hexagon,
          hangedman_elven_pyramids, drop_trap, minivault_15, grunt_ministairs_10
Elf:2:    layout_geoelf_grid, minmay_checkered_concentric_circles
Elf:3:    minmay_elf_hall_quartered_circle, layout_loops_corners,
          minmay_misc_feat_diagonals, onia_ninara_cookie
Vaults:1: v_misc_33, ontoclasm_vaults_eye, nicolae_vaults_hallways_thing,
          vaults_room_ringed_pool, nicolae_vaults_fighting_squares,
          nicolae_vaults_sealed_display, vaults_room_grunt_arrival_ludios,
          layout_vaults_chaotic_city, serial_shops, shop, uniq_asterion
Vaults:2: minmay_crypt_entry_simple_walls, vaults_room_stairs_pillars,
          nicolae_vaults_windows_and_doors_thing, v_misc_9,
          nicolae_vaults_stairing_the_circle, v_misc_22,
          nicolae_vaults_little_squares_6, vaults_mumra_hex,
          ontoclasm_vaults_tryst, layout_vaults_quadrants, uniq_sojobo
Vaults:3: v_pattern_4, nicolae_vaults_triangles, nicolae_vaults_big_ls,
          hangedman_vaults_river_flow, hangedman_vaults_stretched_pinwheel,
          vaults_room_pools, v_misc_26, vaults_room_fours, st_lattice,
          layout_vaults_omnibox, serial_shops,
          nicolae_shop_temple_entry_statues_fountains, uniq_jory, uniq_donald
Vaults:4: vaults_dpeg_diagonal, hangedman_vaults_nails,
          nicolae_vaults_little_squares_4, v_alt_pattern_6, vaults_room_fours,
          hangedman_vaults_trim, v_alt_pattern_3, grunt_vaults_focal,
          hangedman_vaults_stagger, nicolae_vaults_little_squares_2,
          vaults_standard_mumra_x, nicolae_vaults_circle_grid_a,
          special_room_vaults [special_room_orc], vaults_room_grid,
          layout_vaults_ring, serial_shops, shop, uniq_bai_suzhen
Crypt:1:  layout_gridlike, ebering_ghost_xom, hex_large, grunt_ministairs_3,
          st_chilly_death, uniq_xtahua
Crypt:2:  layout_catacombs, corexii_hall_statues_t, due_unseen_surprise,
          roderic_lattice_octagonal_star, uniq_margery
Crypt:3:  church_of_pain_bobbens, layout_chaotic_city, serial_co_window_serial,
          co_window_of_opportunity_a, co_window_paths_b,
          co_window_of_opportunity_a, co_window_corner_a, co_window_paths_a,
          co_window_cross_1, co_window_paths_b, co_window_paths_a,
          co_window_paths_a, glass_columns_a, glass_columns_a, glass_columns_a,
          uniq_boris
Tomb:1

Skill      XL: |  1  2  3  4  5  6  7  8  9 10 11 12 13 14 15 16 17 18 19 20 21 22 23 24 25 |
---------------+----------------------------------------------------------------------------+-----
Fighting       | 4 5 6 7 8 10 11 12 14 15 17 18 19 20 22 23 24 25 26 | 26.6
Axes           | 4 5 6 7 9 10 12 14 16 18 19 20 21 22 23 24 25 | 25.8
Dodging        | 3 4 5 7 9 10 11 12 14 15 16 21 | 21.0
Armour         | 3 4 6 8 9 10 11 13 14 15 17 18 19 20 | 20.2
Shields        | 1 2 3 8 11 13 15 16 17 18 19 20 21 | 21.4
Evocations     | 1 2 |  2.9
Stealth        | |  0.3

Action                   |  1- 3 |  4- 6 |  7- 9 | 10-12 | 13-15 | 16-18 | 19-21 | 22-24 | 25-27 || total
-------------------------+-------+-------+-------+-------+-------+-------+-------+-------+-------++-------
Melee: Hand axe          |    68 |   111 |   149 |       |       |       |       |       |       ||   328
       Headbutt          |    11 |    15 |    34 |    85 |   197 |   232 |   327 |   411 |    17 ||  1329
       Flail             |       |       |    74 |       |       |       |       |       |       ||    74
       Broad axe         |       |       |    60 |   476 |   801 |  1004 |  1244 |  1264 |    49 ||  4898
       Peck              |       |       |       |       |       |       |       |   207 |    14 ||   221
Invok: Berserk           |     1 |     2 |     6 |     9 |     6 |    14 |    14 |     7 |     1 ||    60
       Trog's Hand       |       |       |       |     2 |     6 |    14 |     9 |     8 |     1 ||    40
       Brothers in Arms  |       |       |       |     2 |     4 |    18 |    11 |    13 |     2 ||    50
 Abil: Evoke Flight      |       |       |       |       |     2 |     2 |       |       |       ||     4
Evoke: Box of beasts     |       |       |       |       |       |     1 |       |       |       ||     1
       Wand              |       |       |       |       |       |       |       |     1 |       ||     1
  Use: Scroll            |       |       |       |       |    22 |    17 |     3 |     3 |       ||    45
       Potion            |       |       |       |       |     1 |     2 |     1 |     5 |     1 ||    10
 Stab: Distracted        |       |       |       |       |       |     1 |     3 |     5 |       ||     9
  Eat: Chunk             |     2 |     4 |    19 |    24 |    38 |    36 |    47 |    20 |     2 ||   192
       Ration            |       |       |     1 |     1 |     3 |     9 |     3 |     9 |       ||    26
Armor: Animal skin       |    12 |     1 |       |       |       |       |       |       |       ||    13
       Plate armour      |       |    58 |   148 |   217 |   233 |   154 |   262 |   159 |       ||  1231
       Chain mail        |       |       |       |       |       |    21 |       |       |       ||    21
       Gold dragon scale |       |       |       |       |       |       |       |   147 |    18 ||   165
Dodge: Dodged            |    46 |    54 |   111 |   197 |   369 |   336 |   406 |   520 |    33 ||  2072
Block: Buckler           |       |       |       |    65 |       |       |       |       |       ||    65
       Kite shield       |       |       |       |     5 |   352 |   611 |   771 |   869 |    60 ||  2668
       Reflection        |       |       |       |       |       |       |    42 |    68 |     3 ||   113
